 Dungeon Crawl Stone Soup version 0.21.1-1-g345015f (webtiles) character file.

30 letownia2 the Insei (level 3, -3/26 HPs)
             Began as a Merfolk Transmuter on Mar 19, 2018.
             Slain by a wight
             ... wielding a cursed +0 battleaxe
              (16 damage)
             ... on level 3 of the Dungeon.
             The game lasted 00:01:40 (259 turns).

letownia2 the Insei (Merfolk Transmuter)             Turns: 259, Time: 00:01:41

Health: -3/26      AC:  4    Str: 11    XL:     3   Next: 20%
Magic:  5/6        EV: 13    Int: 12    God:
Gold:   8          SH:  0    Dex: 14    Spells: 0/6 levels left

rFire    . . .     SeeInvis .     - Unarmed
rCold    . . .     Gourm    .   (no shield)
rNeg     . . .     Faith    .   b - +0 robe
rPois    .         Spirit   .   (no helmet)
rElec    .         Reflect  .   i - +0 cloak
rCorr    .         Harm     .   (no gloves)
MR       .....                  h - +0 pair of boots
Stlth    +.........             (no amulet)
HPRegen  0.08/turn              (no ring)
MPRegen  0.10/turn              (no ring)

@: appendage
A: change form in water, swift swim, stealthy swim, horns 2
a: End Transformation


You were on level 3 of the Dungeon.
You were not hungry.
You had grown temporary horns.
You visited 1 branch of the dungeon, and saw 3 of its levels.

You collected 8 gold pieces.

Inventory:

Missiles
 a - 21 arrows
Armour
 b - a +0 robe (worn)
 h - a +0 pair of boots (worn)
 i - a +0 cloak (worn)
Scrolls
 f - a scroll of enchant armour {unknown}
 g - 2 scrolls of identify {unknown}
Potions
 e - a potion of curing {unknown}
Books
 c - a book of Changes

   Spells                             Type                      Level
   a - Beastly Appendage              Transmutation                1
   b - Sticks to Snakes               Transmutation                2
   c - Spider Form                    Transmutation/Poison         3
   d - Ice Form                       Ice/Transmutation            4
   e - Blade Hands                    Transmutation                5
Comestibles
 d - 3 rations


   Skills:
 - Level 1.1 Fighting
 - Level 2.6 Dodging
 + Level 4.7 Unarmed Combat
 - Level 2.0 Spellcasting
 - Level 2.6 Transmutations


You couldn't memorise any spells.
You knew the following spells:

 Your Spells              Type           Power        Failure   Level  Hunger
a - Beastly Appendage     Tmut           #.....       9%          1    ##.....
l - Sticks to Snakes      Tmut           #.......     14%         2    ###....
p - Spider Form           Tmut/Pois      #.........   43%         3    ####...


Dungeon Overview and Level Annotations

Branches:
Dungeon (3/15)

Altars:


Innate Abilities, Weirdness & Mutations

You revert to your normal form in water.
You are very nimble and swift while swimming.
You are very stealthy in the water. (Stealth+)
You have a pair of horns on your head.


Message History

A hobgoblin comes into view. It is wielding a club.
The bat closely misses you. The bat closely misses you.
The bat closely misses you. The bat hits you but does no damage.
The bat barely misses you. The bat hits you.
Casting: Beastly Appendage
Confirm with . or Enter, or press ? or * to list all spells.
You grow a pair of large bovine horns.
The bat closely misses you.
You hit the bat.
You kill the bat!
You aren't carrying any items that you can evoke.
Unknown command.
You hit the wight. You headbutt the wight.
The wight is heavily damaged.
You hit the wight. Your headbutt misses the wight.
The wight is heavily damaged.
The wight hits you with a battleaxe!
Ouch! That really hurt!
You die...

#.#.##.###.# .....
#........... .....
###.......#. ....
#.'.......#. ...
#b'.......#. #.###
###.......## ######...#
#.........#
.......#.#++#.#.......#
.......@z†....[.......#
......#######.#######.#
..... #... .# ....
####.. .. ... ..g .# ##
.. .


You could see a wight.

Vanquished Creatures
  2 adders
  An ooze (D:2)
  A worm (D:2)
  A giant cockroach (D:3)
  A bat (D:3)
  A frilled lizard (D:2)
  2 kobolds
  A rat (D:1)
10 creatures vanquished.

Notes
Turn   | Place    | Note
-------+----------+-------------------------------------------
     0 | D:1      | letownia2 the Merfolk Transmuter began the quest for the Orb.
     0 | D:1      | Reached XP level 1. HP: 15/15 MP: 3/3
    82 | D:2      | Reached XP level 2. HP: 11/21 MP: 5/5
   109 | D:2      | Reached skill level 4 in Unarmed Combat
   116 | D:2      | Learned a level 2 spell: Sticks to Snakes
   133 | D:3      | Reached XP level 3. HP: 9/26 MP: 0/6
   138 | D:3      | Learned a level 3 spell: Spider Form
   259 | D:3      | Slain by a wight

Skill      XL: |  1  2 |
---------------+-------+-----
Unarmed Combat | 4 |  4.7
Fighting       | |  1.1
Dodging        | |  2.6
Spellcasting   | |  2.0
Transmutations | |  2.6

Action                   || total
-------------------------++-------
Melee: Unarmed           ||    30
       Headbutt          ||     8
 Cast: Beastly Appendage ||     7
       Sticks to Snakes  ||     2
Armor: Robe              ||     5
Dodge: Dodged            ||    19
